 Dungeon Crawl Stone Soup version 0.20-a0-791-gf6451d4 (webtiles) character file.

20 Espgualade the Chiller (level 2, -2/17 HPs)
             Began as a Tengu Ice Elementalist on Mar 1, 2017.
             Shot with a stone by a goblin (3 damage)
             ... on level 2 of the Dungeon.
             The game lasted 00:02:09 (1024 turns).

Espgualade the Chiller (Tengu Ice Elementalist)     Turns: 1024, Time: 00:02:10

Health: -2/17      AC:  3    Str:  8    XL:     2   Next: 79%
Magic:  6/6        EV: 12    Int: 15    God:
Gold:   21         SH:  0    Dex: 14    Spells: 2/5 levels left

rFire    . . .     SeeInvis .   i - +0 short sword
rCold    . . .     Gourm    .   a - +0 robe
rNeg     . . .     Faith    .   (no shield)
rPois    .         Spirit   .   (helmet restricted)
rElec    .         Reflect  .   d - +0 cloak
rCorr    .         Harm     .   (no gloves)
MR       .....                  (boots unavailable)
Stlth    ++........             (no amulet)
Regen    0.1/turn               (no ring)
MPRegen  0.1/turn               (no ring)

@: no status effects
A: beak, talons 3
a: no special abilities


You were on level 2 of the Dungeon.
You were hungry.

You visited 1 branch of the dungeon, and saw 2 of its levels.

You collected 21 gold pieces.

Inventory:

Hand Weapons
 i - a +0 short sword (weapon)
Armour
 a - a +0 robe (worn)
 d - a +0 cloak (worn)
Scrolls
 e - 2 scrolls of remove curse
 f - 3 scrolls of identify
 g - 2 scrolls of teleportation {unknown}
 h - a scroll of random uselessness {unknown}
Books
 b - a book of Frost

   Spells                             Type                      Level
   a - Freeze                         Ice                          1
   b - Throw Frost                    Conjuration/Ice              2
   c - Ozocubu's Armour               Charms/Ice                   3
   d - Throw Icicle                   Conjuration/Ice              4
   e - Summon Ice Beast               Ice/Summoning                4
Comestibles
 c - a bread ration
 j - 5 fruits


   Skills:
 + Level 2.2 Fighting
 - Level 2.1 Dodging
 - Level 2.0 Stealth
 - Level 2.0 Spellcasting
 - Level 1.3 Conjurations
 - Level 2.6 Ice Magic


You had 2 spell levels left.
You knew the following spells:

 Your Spells              Type           Power        Failure   Level  Hunger
a - Freeze                Ice            #...         10%         1    #......
b - Throw Frost           Conj/Ice       #.....       14%         2    ###....


Dungeon Overview and Level Annotations

Branches:
Dungeon (2/15)

Altars:
Vehumet

Annotations:
D:2 Robin


Innate Abilities, Weirdness & Mutations

You have a beak for a mouth.
You have claws for feet.


Message History

The goblin unwields an uncursed hunting sling of freezing.
The goblin barely misses you. The goblin hits you.
* * * LOW HITPOINT WARNING * * *
Found a radiant altar of Vehumet.
The goblin wields an uncursed hunting sling of freezing.
It is covered in frost.
The goblin shoots a stone.
The stone hits you but does no damage.
Found 18 gold pieces.
A goblin comes into view. x2
The goblin shouts!
The goblin shoots a stone.
The stone misses you.
You see here a stone.
Okay, then.
You aren't carrying any potions.
As you read the scroll labeled ISEVICWI SIMP, it crumbles to dust.
It is a scroll of identify.
e - 2 scrolls of remove curse The goblin shoots a stone.
The stone hits you.
You die...

###### ..$.##
#...# ##@.#
...#...####
.._......g.#
#...#..###g#
##.###g# #.# #..
#g.# #g# ... .g.#
#g# . .# ##.# #.#
g..g######.###g###


You could see 5 goblins.

Vanquished Creatures
  A dart slug (D:1)
  A leopard gecko (D:1)
  2 goblins (D:1)
  2 hobgoblins (D:1)
  4 jackals (D:1)
  2 bats (D:1)
  A frilled lizard (D:1)
  3 rats (D:1)
16 creatures vanquished.

Vanquished Creatures (others)
  A goblin (D:2)
1 creature vanquished.

Grand Total: 17 creatures vanquished

Notes
Turn   | Place    | Note
-------+----------+-------------------------------------------
     0 | D:1      | Espgualade the Tengu Ice Elementalist began the quest for the Orb.
     0 | D:1      | Reached XP level 1. HP: 10/10 MP: 4/4
   225 | D:1      | Reached skill level 1 in Fighting
   276 | D:1      | Reached XP level 2. HP: 16/16 MP: 6/6
   971 | D:2      | Learned a level 2 spell: Throw Frost
  1007 | D:2      | Noticed Robin
  1020 | D:2      | Found a radiant altar of Vehumet.
  1024 | D:2      | Shot with a stone by a goblin

Vault maps used:
D:1:      dpeg_arrival_three_smaller_balls
D:2:      vehumet_crystals, uniq_robin

Skill      XL: |  1  2 |
---------------+-------+-----
Fighting       | 1 2 |  2.2
Dodging        | |  2.1
Stealth        | |  2.0
Spellcasting   | |  2.0
Conjurations   | |  1.3
Ice Magic      | |  2.6

Action                   || total
-------------------------++-------
Melee: Short sword       ||    30
       Peck              ||     4
       Unarmed           ||     2
       Kick              ||     8
 Cast: Freeze            ||    15
  Use: Scroll            ||     1
Armor: Robe              ||    14
Dodge: Dodged            ||    38
